cohdb
Replays
Latest Replays
All Replays
Popular Replays
Top Player Replays
Match Explorer
How It Works
Community
CoH3 Stats
Reddit
Sign in to upload your games and track your stats! →
Sign in with Steam
Match 44242809
Unlisted
Match 44242809
Overview
Messages
Build Orders
End
Vickers Machine Gun Team
Construct Section Command Post
Selects Indian Artillery Battlegroup
Infantry Section
Infantry Section
Infantry Section
Grenade Package
Infantry Section
Construct Field Infirmary
Selects War Cry
Construct Platoon Command Post
Infantry Training
Infantry Section
Selects Towed ML 4.2-inch Heavy Mortar
Selects Off-map Airburst Barrage
Towed ML 4.2-inch Heavy Mortar
Infantry Section
Construct Company Command Post
Selects Gurkha Rifles Section
Selects Pillage
Matilda II Heavy Tank
Royal Engineer Section
Foot Guards Section
Selects Perimeter Monitor
Off-map Airburst Barrage
Foot Guards Section
BigPapaStark
Cool Whhip
bigcheese
DooWop
0
0
Comments
sign in to comment!
No comments posted yet!